 Dungeon Crawl Stone Soup version 0.22-a0-204-g464ede7bef (webtiles) character file.

56 W0nk0 the Firebug (level 3, 0/19 HPs)
             Began as a Deep Elf Fire Elementalist on Feb 18, 2018.
             Succumbed to an adder's poison
             ... on level 2 of the Dungeon.
             The game lasted 00:21:38 (2805 turns).

W0nk0 the Firebug (Deep Elf Fire Elementalist)      Turns: 2805, Time: 00:21:38

Health: 0/19       AC:  4    Str:  5    XL:     3   Next: 69%
Magic:  1/9        EV: 12    Int: 20    God:
Gold:   69         SH:  0    Dex: 15    Spells: 7/8 levels left

rFire    . . .     SeeInvis .   e - -2 whip (curse)
rCold    . . .     Gourm    .   (no shield)
rNeg     + . .     Faith    .   g - +1 leather armour {rN+}
rPois    .         Spirit   .   (no helmet)
rElec    .         Reflect  .   (no cloak)
rCorr    .         Harm     .   (no gloves)
MR       .....                  (no boots)
Stlth    ++........             (no amulet)
HPRegen  0.06/turn              (no ring)
MPRegen  0.11/turn              (no ring)

@: lethally poisoned (0 -> -11)
A: no striking features
a: no special abilities


You were on level 2 of the Dungeon.
You were not hungry.

You visited 1 branch of the dungeon, and saw 2 of its levels.

You collected 69 gold pieces.

Inventory:

Hand Weapons
 e - a cursed -2 whip (weapon)
 h - a +0 hunting sling
Missiles
 f - 81 stones (quivered)
Armour
 a - a +0 robe
 d - a +0 leather armour
 g - a +1 leather armour of positive energy (worn)
Scrolls
 j - a scroll of blinking {unknown}
 l - a scroll of remove curse {unknown}
Books
 b - a book of Flames

   Spells                             Type                      Level
   a - Flame Tongue                   Conjuration/Fire             1
   b - Throw Flame                    Conjuration/Fire             2
   c - Conjure Flame                  Conjuration/Fire             3
   d - Inner Flame                    Hexes/Fire                   3
   e - Sticky Flame                   Conjuration/Fire             4
   f - Fireball                       Conjuration/Fire             5
Comestibles
 m - a ration


   Skills:
 + Level 0.2 Fighting
 + Level 0.1 Maces & Flails
 - Level 2.6 Dodging
 + Level 2.8 Stealth
 + Level 3.3 Spellcasting
 + Level 1.8 Conjurations
 + Level 4.3 Fire Magic


You had 7 spell levels left.
You knew the following spells:

 Your Spells              Type           Power        Failure   Level  Hunger
a - Flame Tongue          Conj/Fire      ###..        6%          1    None


Dungeon Overview and Level Annotations

Branches:
Dungeon (2/15)

Altars:


Message History

You feel sick. The adder bites you. The adder bites you but does no damage.
You miss the adder.
The adder is severely wounded.
You feel sick. The adder bites you.
You barely miss the adder.
The adder is severely wounded.
You feel sick. The adder misses you. The adder bites you but does no damage.
You hit the adder.
The adder is almost dead.
You feel sick. The adder bites you.
* * * LOW HITPOINT WARNING * * *
You hit the adder but do no damage.
The adder is almost dead.
* * * LOW HITPOINT WARNING * * *
You feel sick. The adder bites you.
* * * LOW HITPOINT WARNING * * *
The adder closely misses you.
You miss the adder.
The adder is almost dead.
You die...

#############
#.....@S(...#
#.#########[#
####.#### #(#
#......<# ###.###
########.#####.#
#.....# .......#.#
#.####(###.###
######...#
#....K(# ... ###.#
#.####.###.###
#####
#.#####.####†....#


You could see an adder.

Vanquished Creatures
  2 adders (D:2)
  2 worms
  2 leopard geckos (D:1)
  3 bats
  2 giant cockroaches (D:1)
  3 hobgoblins
  3 jackals (D:1)
  4 kobolds
  A ball python (D:2)
  4 frilled lizards
  2 goblins
  A rat (D:1)
29 creatures vanquished.

Notes
Turn   | Place    | Note
-------+----------+-------------------------------------------
     0 | D:1      | W0nk0 the Deep Elf Fire Elementalist began the quest for the Orb.
     0 | D:1      | Reached XP level 1. HP: 10/10 MP: 6/6
   722 | D:1      | Reached XP level 2. HP: 9/15 MP: 1/8
  1120 | D:1      | Reached skill level 4 in Fire Magic
  2417 | D:2      | Reached XP level 3. HP: 19/19 MP: 4/9
  2805 | D:2      | Succumbed to an adder's poison

Vault maps used:
D:1:      tarquinn_simple_flora_water_c, serial_glass, glass_columns_c,
          glass_columns_c
D:2:      kennysheep_generic_room_2

Skill      XL: |  1  2 |
---------------+-------+-----
Fire Magic     | 4 |  4.3
Fighting       | |  0.2
Maces & Flails | |  0.1
Dodging        | |  2.6
Stealth        | |  2.8
Spellcasting   | |  3.3
Conjurations   | |  1.8

Action                   || total
-------------------------++-------
Melee: Whip              ||    39
Throw: Stone             ||     1
 Cast: Flame Tongue      ||    78
  Use: Potion            ||     2
       Scroll            ||     1
 Stab: Sleeping          ||     1
  Eat: Chunk             ||     3
       Ration            ||     1
Armor: Robe              ||    22
       Leather armour    ||    10
Dodge: Dodged            ||    73

Table legend:
 A = Spawn XP
 B = Non-spawn XP
 C = Spawn XP percentage of total XP
 D = Spawn monster count
 E = Non-spawn monster count
 F = Spawn count percentage of total count
 G = Total turns spent on level
                    A         B        C        D         E        F      G
               +---------+---------+-------+---------+---------+-------+---------
         Total |       0 |      80 |   0.0 |       0 |      29 |   0.0 |  2805
               +---------+---------+-------+---------+---------+-------+---------
           D:1 |       0 |      38 |   0.0 |       0 |      20 |   0.0 |  2360
           D:2 |       0 |      42 |   0.0 |       0 |       9 |   0.0 |   445
               +---------+---------+-------+---------+---------+-------+---------
